 Dungeon Crawl Stone Soup version 0.28-a0-1616-g050a50673c (webtiles) character file.

Game seed: 7066996057352138128

58 a3don the Ruffian (level 3, -1/35 HPs)
             Began as a Troll Warper on Jan 22, 2022.
             Slain by a gnoll (6 damage)
             ... on level 2 of the Dungeon.
             The game lasted 00:01:52 (754 turns).

a3don the Ruffian (Troll Warper)                     Turns: 754, Time: 00:01:52

Health: -1/35      AC:  4    Str: 19    XL:     3   Next: 76%
Magic:  3/3        EV: 10    Int: 11    God:
Gold:   6          SH:  0    Dex:  9    Spells: 4/4 levels left

rFire   . . .      SeeInvis .     - Unarmed
rCold   . . .      Faith    .   (no shield)
rNeg    . . .      Spirit   .   a - +0 robe
rPois   .          Reflect  .   (helmet restricted)
rElec   .          Harm     .   (no cloak)
rCorr   .          Rampage  .   (gloves unavailable)
Will    .....                   (boots unavailable)
Stlth   +.........              (no amulet)
HPRegen 0.91/turn               (no ring)
MPRegen 0.08/turn               (no ring)

@: no status effects
A: large, unfitting armour, claws 3, regeneration 1, shaggy fur 1, tough skin 1
a: no special abilities


You were on level 2 of the Dungeon.
You visited 1 branch of the dungeon, and saw 2 of its levels.

You collected 6 gold pieces.

Inventory:

Missiles
 c - 5 boomerangs of dispersal (quivered)
 e - 20 sling bullets
Armour
 a - a +0 robe (worn)
Scrolls
 b - 2 scrolls of blinking
 d - a scroll of identify {unknown}
 f - a scroll of magic mapping {unknown}


   Skills:
 + Level 2.2 Fighting
 - Level 0.8 Throwing
 + Level 2.3 Dodging
 * Level 3.2 Unarmed Combat
 - Level 1.2 Spellcasting
 - Level 2.1 Translocations


You had 4 spell levels left.
You didn't know any spells.
Your spell library contained the following spells:

 Spells                   Type           Power      Damage    Failure   Level
 Blink                    Tloc           10%        N/A       19%         2
 Gell's Gravitas          Tloc           5%         N/A       36%         3
 Lesser Beckoning         Tloc           5%         N/A       36%         3
 Teleport Other           Tloc           5%         N/A       36%         3
 Manifold Assault         Tloc           5%         N/A       98%         5


Dungeon Overview and Level Annotations

Branches:
Dungeon (2/15)

Altars:

Shops:
D:2 (


Innate Abilities, Weirdness & Mutations

You are too large for most types of armour.
You have claws for hands.
Your natural rate of healing is unusually fast.
You are covered in fur. (AC +1)
You have tough skin. (AC +1)


Message History

The gnoll shaman is heavily wounded.
The gnoll hits you but does no damage. The gnoll shaman completely misses you.
The gnoll hits you from afar with a +0 spear.
You closely miss the gnoll shaman.
The gnoll shaman is heavily wounded.
The gnoll hits you from afar with a +0 spear.
The gnoll shaman hits you with a +0 whip.
* * * LOW HITPOINT WARNING * * *
You completely miss the gnoll shaman.
The gnoll shaman is heavily wounded.
The gnoll hits you from afar with a +0 spear.
* * * LOW HITPOINT WARNING * * *
The gnoll closely misses you.
The gnoll shaman hits you with a +0 whip.
* * * LOW HITPOINT WARNING * * *
The gnoll shaman calls upon its god to speed up the gnoll.
The gnoll seems to speed up.
The gnoll closely misses you.
You closely miss the gnoll shaman.
The gnoll shaman is moderately wounded.
The gnoll hits you from afar with a +0 spear.
You barely miss the gnoll shaman.
The gnoll shaman is moderately wounded.
The gnoll hits you from afar with a +0 spear. x2
The gnoll shaman closely misses you.
You claw the gnoll shaman!
The gnoll shaman is severely wounded.
The gnoll hits you from afar with a +0 spear.
The gnoll shaman hits you but does no damage.
You scratch the gnoll shaman but do no damage.
The gnoll shaman is severely wounded.
The gnoll hits you from afar with a +0 spear!
* * * LOW HITPOINT WARNING * * *
The gnoll hits you from afar with a +0 spear.
* * * LOW HITPOINT WARNING * * *
The gnoll shaman closely misses you.
You barely miss the gnoll shaman.
The gnoll shaman is severely wounded.
The gnoll hits you from afar with a +0 spear.
You die...

###.#.#..#.#
#.....#....#
###.PPP...######
#...P∩.........
#.....P...#...#
##..g......#.#.#
#.......#..#...#
#.#####.#..##.S#####
#.# #......ggg@..#
..# ############.#
### .# .. ###


You could see a gnoll shaman, 2 gnolls and an adder.

Vanquished Creatures
  A gnoll (D:2)
  An adder (D:2)
  A dart slug (D:1)
  3 bats
  5 endoplasms
  2 giant cockroaches (D:1)
  3 goblins
  4 hobgoblins (D:1)
  5 jackals (D:1)
  A quokka (D:1)
  4 ball pythons (D:1)
  2 frilled lizards
32 creatures vanquished.

Vanquished Creatures (others)
  A plant (D:2)
1 creature vanquished.

Grand Total: 33 creatures vanquished

Notes
Turn   | Place    | Note
-------+----------+-------------------------------------------
     0 | D:1      | a3don the Troll Warper began the quest for the Orb.
     0 | D:1      | Reached XP level 1. HP: 19/19 MP: 1/1
    25 | D:1      | Reached XP level 2. HP: 19/28 MP: 2/2
   391 | D:1      | Reached XP level 3. HP: 35/35 MP: 3/3
   669 | D:2      | Found Tipoczudd's Antique Weapon Shop.
   687 | D:2      | Reached skill level 3 in Unarmed Combat
   754 | D:2      | Slain by a gnoll

Illustrated notes

Levels and vault maps discovered:
D:1:      minmay_arrival_semitransparent, layout_loops_ring, due_unseen_surprise
D:2:      layout_basic, serial_shops, nicolae_shop_overgrown_old_shop,
          minmay_gold_behind_fungi, minmay_misc_feat_nine_boxes,
          item_on_display_a

Skill      XL: |  1  2  3 |
---------------+----------+-----
Dodging        | 2 |  2.3
Fighting       | 2 |  2.2
Unarmed Combat | 3 |  3.2
Throwing       | |  0.8
Spellcasting   | |  1.2
Translocations | |  2.1

Action                   || total
-------------------------++-------
Melee: Unarmed           ||   101
Armor: Robe              ||    52
Dodge: Dodged            ||    86

Table legend: (Time is in decaauts)
 A = Elapsed time spent in this place.
 B = Non-inter-level travel time spent in this place.
 C = Inter-level travel time spent in this place.
 D = Time resting spent in this place.
 E = Time spent auto-exploring this place.
 F = Levels seen in this place.
 G = Mean time per level.
                   A        B        C        D        E       F      G
               +--------+--------+--------+--------+--------+-----+--------+
         Total |    748 |    693 |     55 |      0 |    502 |   2 |  374.0 |
       Dungeon |    748 |    693 |     55 |      0 |    502 |   2 |  374.0 |
               +--------+--------+--------+--------+--------+-----+--------+

Top non-repeatable levels by time:
     D:1: 660 daAuts
     D:2: 88 daAuts
